 Dungeon Crawl Stone Soup version 0.31-a0-524-g2a164cf6a2 (webtiles) character file.

Game seed: 8609535263957724842

1899 AdnanSaban the Basher (level 9, -3/55 HPs)
             Began as a Gargoyle Fighter on Aug 12, 2023.
             Slain by a +1 spectral quarterstaff (5 damage)
             ... created by Joseph
             ... on level 7 of the Dungeon.
             The game lasted 00:04:12 (4596 turns).

AdnanSaban the Basher (Gargoyle Fighter)            Turns: 4596, Time: 00:04:13

Health: -3/55      AC: 15    Str: 26    XL:     9   Next: 15%
Magic:  9/9        EV: 15    Int:  9    God:
Gold:   172        SH:  4    Dex:  9    Spells: 8/8 levels left

rFire   . . .        a - +0 flail
rCold   . . .        c - +0 buckler
rNeg    + . .        b - +0 scale mail
rPois   ∞            (no helmet)
rElec   +            (no cloak)
rCorr   .            (no gloves)
SInv    .            v - +0 pair of boots
Will    .....        (no amulet) Stlth
                     n - ring of the Present {EV+5 Str+2}
HPRegen 0.29/turn    (no ring)
MPRegen 0.11/turn

%: no passive effects
@: no status effects
A: sickness immunity, AC +6, negative energy resistance 1, electricity
resistance, torment resistance 1, petrification resistance
a: no special abilities


You were on level 7 of the Dungeon.
You visited 1 branch of the dungeon, and saw 7 of its levels.

You collected 172 gold pieces.

Inventory:

Hand Weapons
 a - a +0 flail (weapon)
Missiles
 f - 5 poisoned darts (quivered)
 o - 3 javelins
Armour
 b - a +0 scale mail (worn)
 c - a +0 buckler (worn)
 v - a +0 pair of boots (worn)
Jewellery
 n - the ring of the Present (left hand) {EV+5 Str+2}
   (You found it on level 3 of the Dungeon)

   [ring of evasion]

   EV+5:      It affects your evasion (+5).
   Str+2:     It affects your strength (+2).
Wands
 j - a wand of roots (17)
 r - a wand of mindburst (18)
 y - a wand of acid (8)
Scrolls
 e - 6 scrolls of identify {unknown}
 g - 4 scrolls of teleportation {unknown}
 i - a scroll of immolation {unknown}
 k - 3 scrolls of noise {unknown}
 l - a scroll of vulnerability {unknown}
 m - 2 scrolls of fear {unknown}
 s - 2 scrolls of amnesia {unknown}
 u - 2 scrolls of poison {unknown}
 x - 3 scrolls of fog {unknown}
Potions
 d - 4 potions of might
 h - 4 potions of curing {unknown}
 p - a potion of attraction {unknown}
 q - a potion of mutation {unknown}
 t - a potion of enlightenment {unknown}
 w - 2 potions of degeneration {unknown}
 z - a potion of lignification {unknown}


   Skills:
 + Level 5.8 Fighting
 + Level 8.0 Maces & Flails
 + Level 0.1 Throwing
 + Level 6.4 Armour
 + Level 3.0 Dodging
 + Level 0.9 Stealth
 + Level 5.2 Shields


You had 8 spell levels left.
You didn't know any spells.
Your spell library contained the following spells:

 Spells                   Type           Power      Damage    Failure   Level
 Magic Dart               Conj           0%         1d3       71%         1
 Slow                     Hex            0%         N/A       71%         1
 Call Imp                 Summ           0%         N/A       83%         2
 Confusing Touch          Hex            0%         N/A       97%         3
 Dazzling Flash           Conj/Hex       0%         N/A       97%         3
 Hailstorm                Conj/Ice       0%         3d3       97%         3
 Mephitic Cloud           Conj/Pois/Air  0%         N/A       97%         3
 Vampiric Draining        Necr           0%         2d6       97%         3
 Volatile Blastmotes      Fire/Tloc      0%         2d10      97%         3
 Summon Ice Beast         Ice/Summ       0%         N/A       100%        4
 Summon Lightning Spire   Summ/Air       0%         N/A       100%        4
 Borgnjor's Vile Clutch   Necr/Erth      0%         N/A       100%        5
 Simulacrum               Ice/Necr       0%         N/A       100%        6
 Starburst                Conj/Fire      0%         6d3       100%        6
 Maxwell's Capacitive Co  Air            0%         ∞         100%        8
 Summon Horrible Things   Summ           0%         N/A       100%        8


Dungeon Overview and Level Annotations

Branches:
Dungeon (7/15)
 Temple: D:4-7

Altars:
Kikubaaqudgha
Sif Muna
Vehumet
Yredelemnul
Zin

Annotations:
D:7 Joseph


Innate Abilities, Weirdness & Mutations

You are immune to sickness and miasma.
Your stone body is resilient. (AC +6)
You are immune to poison.
You resist negative energy. (rN+)
You are resistant to electric shocks. (rElec)
You are resistant to unholy torment.
You are immune to petrification.


Message History

Joseph wields a +1 spectral quarterstaff.
Joseph completely misses you. The +1 spectral quarterstaff hits you!
A +1 spectral quarterstaff comes into view.
You are too injured to fight recklessly!
You are too injured to fight recklessly!
Unknown command.
You hit Joseph.
Joseph is lightly wounded.
Joseph misses you. The +1 spectral quarterstaff hits you.
An orc comes into view. It is wielding a +0 whip.
You barely miss Joseph.
Joseph is lightly wounded.
You block Joseph's attack. The +1 spectral quarterstaff hits you.
You barely miss Joseph.
Joseph is lightly wounded.
Joseph says, "I'm happy to see you. And I'll be happy to kill you."
Joseph hits you but does no damage.
The +1 spectral quarterstaff hits you but does no damage.
You barely miss Joseph.
Joseph is lightly wounded.
Joseph hits you with a +1 spectral quarterstaff.
The +1 spectral quarterstaff hits you.
You thump Joseph!
Joseph is lightly wounded.
Joseph hits you with a +1 spectral quarterstaff.
* * * LOW HITPOINT WARNING * * *
The +1 spectral quarterstaff hits you.
* * * LOW HITPOINT WARNING * * *
Unknown command.
You hit Joseph but do no damage.
Joseph is lightly wounded.
The +1 spectral quarterstaff completely misses you.
Joseph barely misses you.
You block the +1 spectral quarterstaff's attack.
You block the orc's attack. The +1 spectral quarterstaff hits you!
* * * LOW HITPOINT WARNING * * *
The orc attacks as you move away! You block the orc's attack.
Joseph attacks as you move away! Joseph barely misses you.
The +1 spectral quarterstaff hits you.
You die...

#..(....#
#.##.##.#
#.##.##.#
.#..##.# .#.###.#
# .#.###.#
...######.......#
#...o(.#..###.#
#...@@....# #.#
#...#.##.#.#.....
# #. #.# #.# #
###.# #.# #...#
.. #'#.# #.###
##.##......#
##...##.#.#.####
#.....+.#......


You could see Joseph, a +1 spectral quarterstaff and an orc.

Vanquished Creatures
  A black bear (D:6)
  2 ogres (D:6)
  A centaur (D:5)
  Blork the orc (D:4)
  2 bullfrogs
  3 scorpions
  A water moccasin zombie (D:6)
  11 killer bees (D:7)
  A centaur zombie (D:6)
  2 hounds
  2 iguanas
  A jelly (D:4)
  A sleepcap (D:6)
  Jessica (D:3)
  4 orc wizards (D:6)
  A scorpion zombie (D:3)
  10 gnolls
  A howler monkey skeleton (D:6)
  7 adders
  A shadow imp (D:6)
  4 white imps
  An ufetubus (D:5)
  An adder zombie (D:3)
  2 worms
  2 dart slugs
  7 orcs
  5 endoplasms
  3 giant cockroaches
  4 hobgoblins
  4 jackals (D:1)
  4 quokkas
  9 ball pythons
  3 bats
  2 frilled lizards
  5 goblins
  5 kobolds
  5 rats
120 creatures vanquished.

Notes
Turn   | Place    | Note
-------+----------+-------------------------------------------
     0 | D:1      | AdnanSaban the Gargoyle Fighter began the quest for the
                  | Orb.
     0 | D:1      | Reached XP level 1. HP: 14/14 MP: 1/1
   146 | D:1      | Reached XP level 2. HP: 19/19 MP: 2/2
   246 | D:1      | Reached XP level 3. HP: 18/23 MP: 3/3
   385 | D:1      | Got Sif Muna's Writings on Tephra and Accompaniment
   709 | D:2      | Found a glowing silver altar of Zin.
   830 | D:2      | Noticed a scorpion
   846 | D:2      | Killed a scorpion
   847 | D:2      | Reached skill level 3 in Maces & Flails
   847 | D:2      | Reached XP level 4. HP: 21/29 MP: 4/4
  1308 | D:3      | Reached XP level 5. HP: 33/33 MP: 5/5
  1744 | D:3      | Identified the ring of the Present {EV+5 Str+2}
  1776 | D:3      | Noticed Jessica
  1781 | D:3      | Killed Jessica
  1782 | D:3      | Reached skill level 4 in Maces & Flails
  1855 | D:3      | Reached skill level 1 in Dodging
  1891 | D:3      | Found a basalt altar of Yredelemnul.
  1940 | D:4      | Reached XP level 6. HP: 38/38 MP: 6/6
  1947 | D:4      | Noticed Blork the orc
  1963 | D:4      | Killed Blork the orc
  2558 | D:4      | Reached skill level 5 in Maces & Flails
  2632 | D:5      | Entered Level 5 of the Dungeon
  2712 | D:5      | Reached XP level 7. HP: 43/44 MP: 7/7
  3430 | D:6      | Reached skill level 5 in Armour
  3531 | D:6      | Reached skill level 5 in Fighting
  3531 | D:6      | Reached XP level 8. HP: 47/49 MP: 8/8
  3535 | D:6      | Reached skill level 6 in Maces & Flails
  3995 | D:6      | Found a radiant altar of Vehumet.
  4054 | D:6      | Found an ancient bone altar of Kikubaaqudgha.
  4081 | D:6      | Reached skill level 7 in Maces & Flails
  4106 | D:6      | Found a shimmering blue altar of Sif Muna.
  4323 | D:7      | Reached skill level 5 in Shields
  4408 | D:7      | Reached XP level 9. HP: 54/54 MP: 9/9
  4468 | D:7      | Reached skill level 8 in Maces & Flails
  4587 | D:7      | Noticed Joseph
  4595 | D:7      | HP: 2/55 [+1 spectral quarterstaff[Joseph] (7)]
  4596 | D:7      | Slain by a +1 spectral quarterstaff

Illustrated notes

Levels and vault maps discovered:
D:1:      nicolae_arrival_washed_ashore, layout_basic,
          chequers_serial_rivers_marsh, minmay_quantized
D:2:      layout_basic, basic_altar, minmay_misc_feat_chi
D:3:      layout_loops_ring, lemuel_zombie_altar_yredelemnul,
          minmay_misc_feat_x, kennysheep_jessica_study
D:4:      layout_basic, uniq_blork_the_orc
D:5:      layout_loops_ring
D:6:      layout_basic, palyth_temple_overflow_mages, serial_undead,
          serial_undead_c, serial_undead_d, serial_undead_b, serial_undead_f
D:7:      layout_loops_cross, minmay_temple_entry_poolview,
          nicolae_hexahallways, uniq_menkaure, uniq_prince_ribbit1,
          uniq_jeremiah, uniq_joseph

Skill      XL: |  1  2  3  4  5  6  7  8  9 |
---------------+----------------------------+-----
Maces & Flails | 3 4 5 7 8 |  8.0
Armour         | 4 5 6 |  6.4
Fighting       | 4 5 |  5.8
Dodging        | 1 2 3 |  3.0
Shields        | 4 5 |  5.2
Throwing       | |  0.1
Stealth        | |  0.9

Action                     |  1- 3 |  4- 6 |  7- 9 || total
---------------------------+-------+-------+-------++-------
  Melee: Flail             |   125 |   150 |   345 ||   620
  Throw: Dart              |       |       |     2 ||     2
 Armour: Scale mail        |    75 |    64 |   164 ||   303
  Dodge: Dodged            |    75 |   120 |   291 ||   486
  Block: Buckler           |    34 |    35 |    80 ||   149

Table legend: (Time is in decaauts)
 A = Elapsed time spent in this place.
 B = Non-inter-level travel time spent in this place.
 C = Inter-level travel time spent in this place.
 D = Time resting spent in this place.
 E = Time spent auto-exploring this place.
 F = Levels seen in this place.
 G = Mean time per level.
                   A        B        C        D        E       F      G
               +--------+--------+--------+--------+--------+-----+--------+
         Total |   4701 |   4528 |    173 |     51 |   3277 |   7 |  671.6 |
       Dungeon |   4701 |   4528 |    173 |     51 |   3277 |   7 |  671.6 |
               +--------+--------+--------+--------+--------+-----+--------+

Top non-repeatable levels by time:
     D:6: 939 daAuts
     D:4: 738 daAuts
     D:3: 701 daAuts
     D:5: 684 daAuts
     D:1: 658 daAuts
     D:2: 603 daAuts
     D:7: 375 daAuts
